 Dungeon Crawl Stone Soup version 0.29.1-1-gd02db6906a (webtiles) character file.

Game seed: 16714208046290529875

62 LustLizard the Trooper (level 3, -3/29 HPs)
             Began as a Demonspawn Fighter on Oct 22, 2022.
             Slain by a gnoll bouda
             ... wielding a +0 whip
              (8 damage)
             ... on level 4 of the Dungeon.
             The game lasted 00:03:44 (2729 turns).

LustLizard the Trooper (Demonspawn Fighter)         Turns: 2729, Time: 00:03:44

Health: -3/29      AC:  7    Str: 16    XL:     3   Next: 85%
Magic:  0/3        EV:  8    Int:  9    God:
Gold:   130        SH:  4    Dex: 14    Spells: 2/2 levels left

rFire   . . .      SeeInvis .   a - +0 long sword
rCold   . . .      Faith    .   c - +0 buckler
rNeg    . . .      Spirit   +   b - +0 scale mail
rPois   .          Reflect  .   (no helmet)
rElec   .          Harm     .   g - +0 cloak
rCorr   .          Rampage  .   (no gloves)
Will    .....                   (no boots)
Stlth   ..........              i - amulet of guardian spirit
HPRegen 0.09/turn               (no ring)
MPRegen 0.08/turn               (no ring)

@: weakened
A: powered by death 1
a: no special abilities


You were on level 4 of the Dungeon.
You visited 1 branch of the dungeon, and saw 4 of its levels.

You collected 130 gold pieces.

Inventory:

Hand Weapons
 a - a +0 long sword (weapon)
Missiles
 h - 5 poisoned darts
 n - 2 boomerangs
 u - 15 stones (quivered)
Armour
 b - a +0 scale mail (worn)
 c - a +0 buckler (worn)
 g - a +0 cloak (worn)
Jewellery
 i - an amulet of guardian spirit (around neck)
 q - a ring of ice
Scrolls
 j - a scroll of poison {unknown}
 k - 2 scrolls of amnesia {unknown}
 p - a scroll of torment {unknown}
 t - a scroll of silence {unknown}
Potions
 d - a potion of might
 e - 3 potions of curing
 f - a potion of flight {unknown}
 l - a potion of mutation
 o - a potion of invisibility
 r - a potion of resistance {unknown}
 s - a potion of lignification {unknown}


   Skills:
 + Level 3.5 Fighting
 * Level 3.1 Long Blades
 * Level 1.1 Throwing
 - Level 2.6 Armour
 - Level 2.6 Shields


You had 2 spell levels left.
You didn't know any spells.
Your spell library contained the following spells:

 Spells                   Type           Power      Damage    Failure   Level
 Stone Arrow              Conj/Erth      0%         3d7       99%         3
 Animate Armour           Summ/Erth      0%         N/A       100%        4
 Lehudib's Crystal Spear  Conj/Erth      0%         10d2      100%        8


Dungeon Overview and Level Annotations

Branches:
Dungeon (4/15)
 Temple: D:4-7

Altars:
Ru

Shops:
D:1 *   D:3 *:


Innate Abilities, Weirdness & Mutations

You regenerate a little health from kills.


Message History

The gnoll bouda is moderately wounded.
The gnoll bouda hits you but does no damage.
You hit the gnoll bouda.
The gnoll bouda is moderately wounded.
The gnoll bouda barks out a call to the hunt!
The gnolls pick up the pace!
You hit the gnoll bouda.
The gnoll bouda is heavily wounded.
The gnoll is no longer moving quickly.
The gnoll bouda hits you with a +0 whip.
The gnoll bouda barks out a call to the hunt!
The gnoll picks up the pace!
You closely miss the gnoll bouda.
The gnoll bouda is heavily wounded.
You block the gnoll bouda's attack.
You hit the gnoll bouda but do no damage.
The gnoll bouda is heavily wounded.
The gnoll bouda closely misses you.
You closely miss the gnoll bouda.
The gnoll bouda is heavily wounded.
The gnoll bouda gazes fiercely through you!
You feel as though you will be weak longer.
The gnoll bouda hits you with a +0 whip.
You block the gnoll bouda's attack.
You barely miss the gnoll bouda.
The gnoll bouda is heavily wounded.
The gnoll bouda closely misses you.
You completely miss the gnoll bouda.
The gnoll bouda is heavily wounded.
The gnoll bouda hits you with a +0 whip!
You barely miss the gnoll bouda.
The gnoll bouda is heavily wounded.
The gnoll bouda hits you with a +0 whip!
* * * LOW HITPOINT WARNING * * *
You hit the gnoll bouda.
The gnoll bouda is heavily wounded.
The gnoll bouda gazes fiercely through you!
You feel as though you will be weak longer.
The gnoll bouda hits you with a +0 whip!
You die...

..#.#.....#.#
#.......#
#.#.#######.#
#.......#
..#.........#
#.......#
#############
##.######
#######.###
#........<#
#.........#
#.........#
#######@### #g#
#g#
#.....Sgg..#
#..............
#..........####
#>.........#
#..........#
#..........#


You could see a gnoll bouda, 3 gnolls and a ball python.

Vanquished Creatures
  A dart slug (D:3)
  2 orcs (D:3)
  7 bats
  8 endoplasms
  A goblin (D:3)
  5 hobgoblins
  2 jackals (D:1)
  4 kobolds
  6 quokkas
  8 ball pythons
  4 frilled lizards
  4 rats
52 creatures vanquished.

Notes
Turn   | Place    | Note
-------+----------+-------------------------------------------
     0 | D:1      | LustLizard the Demonspawn Fighter began the quest for the
                  | Orb.
     0 | D:1      | Reached XP level 1. HP: 18/18 MP: 1/1
    71 | D:1      | Gained mutation: You regenerate a little health from kills.
                  | [demonic ancestry]
    71 | D:1      | Reached XP level 2. HP: 10/24 MP: 2/2
   264 | D:1      | Found Pemoz's Assorted Antiques.
   910 | D:2      | Reached XP level 3. HP: 29/29 MP: 3/3
  1137 | D:2      | You fall into a shaft and drop 1 floor!
  1414 | D:2      | Found a faded altar of an unknown god.
  1777 | D:3      | Reached skill level 1 in Throwing
  1787 | D:3      | Found Cahureat's General Store.
  1858 | D:3      | Found a sacrificial altar of Ru.
  1995 | D:3      | Found Poffauca's Vocational Training.
  2729 | D:4      | Slain by a gnoll bouda

Illustrated notes

Levels and vault maps discovered:
D:1:      tarquinn_simple_flora_water_f, layout_basic, serial_shops,
          nicolae_shop_overgrown_old_shop
D:2:      layout_loops_corners, dreamdust_ecumenical_altar_angels_and_demons
D:3:      layout_loops_cross, nicolae_ru_the_path_less_chosen, serial_shops,
          nicolae_diamond_shop, nicolae_shop_vocational
D:4:      layout_basic, gammafunk_temple_overflow_statue,
          minmay_temple_entry_waves, uniq_grinder

Skill      XL: |  1  2  3 |
---------------+----------+-----
Long Blades    | 2 3 |  3.1
Throwing       | 1 |  1.1
Fighting       | |  3.5
Armour         | |  2.6
Shields        | |  2.6

Action                   || total
-------------------------++-------
Melee: Long sword        ||   144
  Use: Scroll            ||     4
       Potion            ||     1
Armor: Scale mail        ||    83
Dodge: Dodged            ||    67
Block: Buckler           ||    45
